 Dungeon Crawl Stone Soup version 0.29.1-14-g9c671dbff4 (webtiles) character file.

Game seed: 10378070472187497268

914 Wobber the Caller (level 8, -8/48 HPs)
             Began as a Tengu Summoner on Feb 12, 2023.
             Mangled by an iguana (9 damage)
             ... on level 5 of the Dungeon.
             The game lasted 00:19:09 (5890 turns).

Wobber the Caller (Tengu Summoner)                  Turns: 5890, Time: 00:19:11

Health: -8/48      AC:  3    Str: 10    XL:     8   Next: 9%
Magic:  14/14      EV: 16    Int: 21    God:
Gold:   268        SH:  0    Dex: 14    Spells: 5/14 levels left

rFire   . . .      SeeInvis .   l - +3 dagger "Wuamuc" {vorpal, Int+4}
rCold   . . .      Faith    .   (no shield)
rNeg    . . .      Spirit   .   a - +0 robe
rPois   .          Reflect  .   (helmet restricted)
rElec   .          Harm     .   v - +0 cloak
rCorr   .          Rampage  .   (no gloves)
Will    .....                   (boots unavailable)
Stlth   ++........              m - amulet of the acrobat
HPRegen 0.16/turn               (no ring)
MPRegen 0.14/turn               (no ring)

@: lethally poisoned (-8 -> -11), attractive, flying quickly and evasively,
quick
A: beak, talons 3, nimble flight
a: no special abilities


You were on level 5 of the Dungeon.
You visited 1 branch of the dungeon, and saw 5 of its levels.

You collected 282 gold pieces.
You spent 14 gold pieces at shops.

Inventory:

Hand Weapons
 l - the +3 dagger "Wuamuc" (weapon) {vorpal, Int+4}
   (You found it on level 2 of the Dungeon)

   It inflicts extra damage upon your enemies.
   Int:       It affects your intelligence (+4).
 u - a +2 quarterstaff of chaos
 w - a +2 vorpal hammer
Missiles
 e - 7 poisoned darts
 f - 39 stones
Armour
 a - a +0 robe (worn)
 v - a +0 cloak (worn)
Jewellery
 m - an amulet of the acrobat (around neck)
Wands
 g - a wand of roots (21)
 x - a wand of mindburst (11)
 B - a wand of paralysis (5)
Scrolls
 c - 2 scrolls of teleportation
 h - a scroll of butterflies {unknown}
 i - a scroll of enchant weapon
 p - a scroll of amnesia
 y - a scroll of poison {unknown}
 A - a scroll of vulnerability {unknown}
 C - a scroll of identify
Potions
 b - a potion of magic
 d - 3 potions of heal wounds
 j - a potion of ambrosia {unknown}
 k - a potion of lignification {unknown}
 n - 2 potions of flight
 o - 2 potions of curing {unknown}
 q - a potion of attraction
 r - 2 potions of might {unknown}
 s - a potion of haste {unknown}
 t - a potion of brilliance {unknown}
 z - a potion of invisibility {unknown}


   Skills:
 * Level 4.1 Fighting
 + Level 3.8 Dodging
 + Level 3.8 Stealth
 + Level 3.8 Spellcasting
 * Level 7.3 Summonings
 * Level 3.2 Air Magic


You had 5 spell levels left.
You knew the following spells:

 Your Spells              Type           Power      Damage    Failure   Level
a - Call Imp              Summ           34%        N/A       1%          2
b - Call Canine Familiar  Summ           34%        N/A       1%          3
c - Summon Lightning Spi  Summ/Air       26%        N/A       14%         4

Your spell library contained the following spells:

 Spells                   Type           Power      Damage    Failure   Level
 Summon Small Mammal      Summ           100%       N/A       1%          1
 Summon Guardian Golem    Hex/Summ       19%        N/A       9%          3


Dungeon Overview and Level Annotations

Branches:
Dungeon (5/15)
 Temple: D:4-7

Altars:
Ashenzari
Nemelex Xobeh
Yredelemnul

Shops:
D:2 *


Innate Abilities, Weirdness & Mutations

You have a beak for a mouth.
You have claws for feet.
Your magical nature lets you fly swiftly and evasively.


Message History

Your crimson imp hits the water moccasin.
The water moccasin dies!
The iguana closely misses you.
Your Fighting skill increases to level 4!
Your Air Magic skill increases to level 3!
You have reached level 8!
You feel stronger.
You closely miss the iguana.
You feel very sick.
Your hound closely misses the iguana.
The iguana bites you.
Your hound bites the iguana.
You closely miss the iguana.
The iguana is lightly wounded.
You feel very sick.
Your crimson imp hits the iguana but does no damage.
The iguana barely misses you.
Your hound closely misses the iguana.
Okay, then.
You hit the iguana but do no damage.
The iguana is lightly wounded.
You feel sick.
Your hound barely misses the iguana.
Your crimson imp blinks!
The iguana bites you.
* * * LOW HITPOINT WARNING * * *
Your hound bites the iguana but does no damage.
Magic courses through your body.
* * * LOW HITPOINT WARNING * * *
You feel sick.
Your hound bites the iguana.
The iguana closely misses you.
It was a potion of attraction.
You feel attractive to monsters.
* * * LOW HITPOINT WARNING * * *
You feel sick.
Your hound bites the iguana but does no damage.
The iguana barely misses you.
Your hound barely misses the iguana.
It was a potion of flight.
You feel more buoyant.
* * * LOW HITPOINT WARNING * * *
You feel sick.
Your crimson imp blinks!
The iguana bites you!
You die...

.#######. .........
.# #......
.......#...# #.$....
.......#!..# #.....
.......#...# #..5#
.).....#...# ##[..#
.....<.....####...#
...†..........§hl.#
.......#####...†@#
....[..# #.#####
#.)##### #.# #####
#.## #.# #...# ..#
##.# ##...# ..# #..#
####....# .##
#.######......## .#
#######.###......####
## .............#####


You could see an iguana (ally target), a friendly hound (summoned) and a
friendly crimson imp (summoned).

Vanquished Creatures
  A centaur (D:5)
  2 phantoms
  A necrophage (D:4)
  A hound (D:5)
  An iguana (D:5)
  A scorpion zombie (D:3)
  4 adders
  An adder zombie (D:3)
  2 worms
  A dart slug (D:3)
  2 orcs (D:3)
  8 bats
  An endoplasm (D:3)
  4 goblins
  5 hobgoblins
  2 jackals (D:2)
  5 ball pythons
  2 frilled lizards
  2 kobolds
  2 rats
48 creatures vanquished.

Vanquished Creatures (collateral kills)
  A water moccasin (D:5)
  A phantom (D:5)
  A hound (D:5)
  A jelly (D:5)
  Crazy Yiuf (D:3)
  Terence (D:3)
  2 orc wizards (D:5)
  6 adders
  An ufetubus (D:5)
  2 worms (D:3)
  2 dart slugs
  An orc (D:5)
  4 ball pythons
  3 endoplasms
  3 giant cockroaches
  3 hobgoblins
  3 jackals
  A quokka (D:1)
  3 bats
  3 frilled lizards (D:1)
  A giant cockroach zombie (D:3)
  4 goblins
  2 kobolds
  A quokka zombie (D:3)
  2 rats
53 creatures vanquished.

Vanquished Creatures (others)
  2 fungi (D:3)
2 creatures vanquished.

Grand Total: 103 creatures vanquished

Notes
Turn   | Place    | Note
-------+----------+-------------------------------------------
     0 | D:1      | Wobber the Tengu Summoner began the quest for the Orb.
     0 | D:1      | Reached XP level 1. HP: 10/10 MP: 4/4
    80 | D:1      | Reached skill level 5 in Summonings
   338 | D:1      | Reached XP level 2. HP: 9/15 MP: 3/6
   823 | D:1      | Reached XP level 3. HP: 18/20 MP: 4/7
   894 | D:1      | Learned a level 3 spell: Call Canine Familiar
  1306 | D:2      | Reached skill level 1 in Fighting
  1591 | D:1      | Learned a level 2 spell: Call Imp
  1751 | D:2      | Found Avoew's General Store.
  1787 | D:2      | Bought 6 stones for 7 gold pieces
  1787 | D:2      | Bought 6 stones for 7 gold pieces
  1803 | D:2      | Upgraded the game from 0.29.1-13-g9f3cf754e1 to
                  | 0.29.1-14-g9c671dbff4
  1934 | D:2      | Reached XP level 4. HP: 15/25 MP: 2/8
  2266 | D:2      | Identified the +3 dagger "Wuamuc" {vorpal, Int+4}
  2808 | D:3      | Gained mutation: Your magical nature lets you fly swiftly
                  | and evasively. [Tengu growth]
  2808 | D:3      | Reached XP level 5. HP: 23/30 MP: 6/10
  2875 | D:3      | Found a basalt altar of Yredelemnul.
  3091 | D:3      | Noticed Terence
  3111 | D:3      | Killed Terence
  3311 | D:3      | Noticed a phantom
  3323 | D:3      | Reached skill level 6 in Summonings
  3366 | D:3      | Killed a phantom
  3367 | D:3      | Reached XP level 6. HP: 13/36 MP: 5/11
  4130 | D:3      | Found a runed translucent door.
  4131 | D:3      | Noticed Crazy Yiuf
  4163 | D:3      | Killed Crazy Yiuf
  4578 | D:4      | Found a sparkling altar of Nemelex Xobeh.
  4982 | D:4      | Learned a level 4 spell: Summon Lightning Spire
  5021 | D:4      | Found a broken altar of Ashenzari.
  5222 | D:5      | Entered Level 5 of the Dungeon
  5247 | D:5      | Reached skill level 1 in Air Magic
  5247 | D:5      | Reached XP level 7. HP: 30/41 MP: 4/13
  5418 | D:5      | Reached skill level 7 in Summonings
  5885 | D:5      | Reached XP level 8. HP: 22/48 MP: 12/14
  5889 | D:5      | HP: 2/48 [poisoned by a water moccasin]
  5890 | D:5      | Mangled by an iguana

Illustrated notes

Levels and vault maps discovered:
D:1:      eino_arrival_cavern_e, layout_basic, roderic_lattice_a,
          nicolae_eternal_life, kennysheep_crisscross
D:2:      layout_basic, serial_shops, nicolae_shop_hallway_stairs, hex_medium
D:3:      layout_basic, nicolae_yredelemnul_corpse_copse, skrybe_limestone_x,
          minmay_close_crescents, uniq_crazy_yiuf_cottage, uniq_terence
D:4:      layout_gridville, nemelex_diamond_rough_becter,
          mainiacjoe_overflow_chevrons
D:5:      layout_rooms

Skill      XL: |  1  2  3  4  5  6  7 |
---------------+----------------------+-----
Summonings     | 5 6 7 |  7.3
Fighting       | 1 2 3 4 |  4.1
Spellcasting   | 3 |  3.8
Dodging        | 3 |  3.8
Stealth        | 3 |  3.8
Air Magic      | 1 3 |  3.2

Action                   |  1- 3 |  4- 6 |  7- 9 || total
-------------------------+-------+-------+-------++-------
Melee: Unarmed           |     7 |       |       ||     7
       Hand axe          |    36 |     9 |       ||    45
       Kick              |    10 |    19 |     7 ||    36
       Peck              |     4 |    14 |     5 ||    23
       Punch             |     1 |     1 |       ||     2
       Dagger            |       |    65 |    34 ||    99
 Cast: Summon Small Mamm |    32 |       |       ||    32
       Call Imp          |     9 |    29 |     3 ||    41
       Call Canine Famil |       |    19 |     6 ||    25
  Use: Scroll            |     4 |     2 |       ||     6
       Potion            |       |       |     3 ||     3
 Stab: Sleeping          |     1 |       |       ||     1
       Distracted        |       |     1 |       ||     1
Armor: Robe              |    12 |    11 |     3 ||    26
Dodge: Dodged            |    56 |    71 |    37 ||   164
